 Dungeon Crawl Stone Soup version 0.13-a0-2630-gc2a47ca (console) character file.

362 Chozo the Chopper (level 5, -7/42 HPs)
             Began as a Lava Orc Skald on Aug 5, 2013.
             Mangled by an iguana (11 damage)
             ... on Level 4 of the Dungeon.
             The game lasted 00:06:43 (2761 turns).

Chozo the Chopper (Lava Orc Skald)                  Turns: 2761, Time: 00:06:44

HP  -7/42        AC  8     Str 15      XL: 5   Next: 36%
MP   4/9         EV 10     Int 13      God:
Gold 178         SH  0     Dex 10      Spells:  3 memorised,  2 levels left

Res.Fire  : + + +   See Invis. : +   a - +0,+1 orc hand axe {=f}
Res.Cold  : x . .   Warding    : .   b - +0 orc leather armour
Life Prot.: . . .   Conserve   : .   (no shield)
Res.Poison: .       Res.Corr.  : .   (no helmet)
Res.Elec. : .       Clarity    : .   y - +1 cloak
Sust.Abil.: . .     Spirit.Shd : .   (no gloves)
Res.Mut.  : .       Stasis     : .   o - +2 pair of boots
Res.Rott. : .       Flight     : .   q - amulet of rage
Saprovore : + . .                    (no ring)
                                     s - ring of see invisible

@: mildly poisoned, quick, slightly resistant to hostile enchantments, very
unstealthy
A: conserve scrolls, saprovore 1
a: Evoke Berserk Rage


You were on level 4 of the Dungeon.
You were not hungry.

You visited 1 branch of the dungeon, and saw 4 of its levels.

You collected 158 gold pieces.

Inventory:

Hand weapons
 a - a +0,+1 orcish hand axe (weapon) {=f}
Armour
 b - a +0 orcish leather armour (worn)
 o - a +2 pair of boots (worn)
 y - a +1 cloak (worn)
Magical devices
 r - a wand of draining (5)
Comestibles
 d - a meat ration
 g - 3 bread rations
 m - a cheese
 u - a choko
 A - a chunk of adder flesh
Scrolls
 f - a scroll of curse jewellery {unknown}
 i - 2 scrolls of fear {unknown}
 k - a scroll of blinking {unknown}
 l - 2 scrolls of remove curse {unknown}
 p - a scroll of curse armour {unknown}
 t - a scroll of teleportation {unknown}
 v - a scroll of identify
 w - a scroll of fog {unknown}
 x - a scroll of enchant weapon II
 z - a scroll of recharging {unknown}
Jewellery
 q - an amulet of rage (around neck)
 s - a ring of see invisible (left hand)
Potions
 e - 5 potions of curing
 h - a potion of agility
 j - a potion of cure mutation
 n - a potion of magic
Books
 c - a book of Battle

   Spells                             Type                      Level
   *Infusion                          Charms                       1
   *Shroud of Golubria                Charms/Translocation         2
   Song of Slaying                    Charms                       2
   Spectral Weapon                    Hexes/Charms                 3
   *Regeneration                      Charms/Necromancy            3
   Song of Shielding                  Charms                       4


   Skills:
 + Level 3.6 Fighting
 + Level 4.0 Axes
 + Level 2.7 Armour
 - Level 1.0 Dodging
 - Level 2.0 Spellcasting
 - Level 3.0 Charms
 * Level 0.2 Necromancy
 * Level 0.2 Translocations
 * Level 1.5 Evocations


You had 2 spell levels left.
You knew the following spells:

 Your Spells              Type           Power        Failure   Level  Hunger
a - Infusion              Chrm           #.....       10%         1    ##.....
b - Shroud of Golubria    Chrm/Tloc      #.........   21%         2    ###....
c - Regeneration          Chrm/Necr      #.........   38%         3    ####...


Dungeon Overview and Level Annotations

Branches:
Dungeon (4/27)             Temple (0/1) D:4

Altars:
Ashenzari


Innate Abilities, Weirdness & Mutations

You have stony skin.
You cover ground quickly.
Your flesh is almost immune to the effects of heat.
Your fire spells are more powerful.
Your flesh is vulnerable to cold.
Your heat harms attackers.
You bathe your surroundings in blazing heat.
You are too hot to use scrolls.
You are very good at protecting items from fire.
You can tolerate rotten meat.


Message History

The ogre is drained!
The ogre is heavily wounded.
The bolt of negative energy hits the scorpion.
The scorpion is drained!
You kill the scorpion!
Evoke which item? (* to show all) (? for menu, Esc to quit)
Zapping:
r - a wand of draining {zapped: 2}
Press: ? - help, Shift-Dir - straight line, f/p - ogre
Aim: an ogre, wielding a giant spiked club (heavily wounded)
The bolt of negative energy misses the ogre.
The ogre is burned by your radiant heat.
The ogre is severely wounded.
The ogre hits you with a giant spiked club!
* * * LOW HITPOINT WARNING * * *
The ogre is singed by your heat.
The ogre is almost dead.
The iguana is burned by your radiant heat.
The iguana is lightly wounded.
The iguana bites you!
You die...

#.#
#.#
#.#
#.
#.#
#.#
..#
#.#
###
#%#
#.#
#.#
#.#
#O#
#@#
#l#
#.#
#.#
#.#
#.#
#.#
..#
...


You could see an ogre and an iguana.

Vanquished Creatures
  7 adders
  3 gnolls (D:3)
  A scorpion (D:4)
  A giant mite (D:1)
  A worm (D:3)
  A giant eyeball (D:4)
  3 giant geckos
  8 goblins
  6 hobgoblins
  10 jackals
  7 kobolds
  2 quokkas (D:3)
  A ball python (D:2)
  8 bats
  2 giant cockroaches
  2 giant newts
  10 rats
73 creatures vanquished.

Notes
Turn   | Place    | Note
--------------------------------------------------------------
     0 | D:1      | Chozo, the Lava Orc Skald, began the quest for the Orb.
     0 | D:1      | Reached XP level 1. HP: 16/16 MP: 3/3
   165 | D:1      | Reached skill level 3 in Charms
   191 | D:1      | Reached XP level 2. HP: 2/23 MP: 4/4
   484 | D:1      | Reached skill level 1 in Dodging
   847 | D:2      | Reached XP level 3. HP: 22/29 MP: 1/6
  1073 | D:2      | Found a shattered altar of Ashenzari.
  1243 | D:2      | Reached XP level 4. HP: 9/36 MP: 4/8
  1247 | D:2      | Learned a level 2 spell: Shroud of Golubria
  1251 | D:2      | Learned a level 3 spell: Regeneration
  1771 | D:3      | Paralysed by a potion of paralysis for 2 turns
  2110 | D:3      | Reached XP level 5. HP: 38/42 MP: 9/9
  2114 | D:3      | Reached skill level 1 in Evocations
  2647 | D:4      | Reached skill level 4 in Axes
  2715 | D:4      | Found a staircase to the Ecumenical Temple.
  2731 | D:4      | Noticed an ogre
  2761 | D:4      | Mangled by an iguana

Action                   |  1- 3 |  4- 6 || total
-------------------------+-------+-------++-------
Melee: Hand axe          |   107 |   128 ||   235
 Cast: Infusion          |     5 |     3 ||     8
       Shroud of Golubri |       |     2 ||     2
       Regeneration      |       |     1 ||     1
Evoke: Wand              |       |     3 ||     3
  Use: Potion            |     5 |     3 ||     8
       Scroll            |       |     4 ||     4
 Stab: Sleeping          |     1 |       ||     1
